 Dungeon Crawl Stone Soup version 0.19-a0-1856-g32653aa (webtiles) character file.

81 GrittyGramps the Ruffian (level 4, -1/34 (40) HPs)
             Began as a Ghoul Monk on Oct 12, 2016.
             Slain by a gnoll
             ... wielding a +0 club
              (4 damage)
             ... on level 3 of the Dungeon.
             The game lasted 00:11:24 (2148 turns).

GrittyGramps the Ruffian (Ghoul Monk)               Turns: 2148, Time: 00:11:25

HP:   -1/34 (40)    AC:  5    Str: 22    XL:     4   Next: 40%
MP:   3/3           EV: 11    Int:  5    God:
Gold: 51            SH:  3    Dex: 11    Spells: 0 memorised, 3 levels left

rFire  . . .     SeeInvis .       - Unarmed
rCold  + + .     Gourm    .     c - +0 ring mail
rNeg   + + +     Faith    .     f - +0 buckler
rPois  ∞         Spirit   .     (no helmet)
rElec  .         Dismiss  .     (no cloak)
rCorr  .         Reflect  .     (no gloves)
MR     .....     Harm     .     (no boots)
Stlth  +.........               (no amulet)
                                i - +2 ring of strength
                                p - ring of protection from cold

@: mighty, rotting
A: rotting body, claws 1, carnivore 3, cold resistance 1, negative energy
resistance 3, slow regeneration 1, torment resistance, unbreathing
a: no special abilities


You were on level 3 of the Dungeon.
You were not hungry.

You visited 1 branch of the dungeon, and saw 3 of its levels.

You collected 51 gold pieces.

Inventory:

Missiles
 a - 29 sling bullets (quivered)
 b - 19 poisoned needles
Armour
 c - a +0 ring mail (worn)
 f - a +0 buckler (worn)
Jewellery
 i - a +2 ring of strength (right claw)
 p - a ring of protection from cold (left claw)
Scrolls
 h - a scroll of magic mapping
Potions
 e - 2 potions of cure mutation {unknown}
 g - 2 potions of curing {unknown}
 j - a potion of agility {unknown}
Comestibles
 k - a bread ration


   Skills:
 * Level 3.8 Fighting
 + Level 1.0 Armour
 + Level 3.0 Dodging
 + Level 2.2 Stealth
 * Level 0.6 Shields
 * Level 4.4 Unarmed Combat


You had 3 spell levels left.
You didn't know any spells.

Dungeon Overview and Level Annotations

Branches:
Dungeon (3/15)

Altars:


Innate Abilities, Weirdness & Mutations

Your body is rotting away.
You thrive on raw meat.
You are immune to poison.
You have sharp fingernails.
You are carnivorous and can eat meat at any time.
Your flesh is cold resistant. (rC+)
You are immune to negative energy. (rN+++)
You regenerate slowly when monsters are visible.
You are immune to unholy pain and torment.
You can survive without breathing.


Message History

The gnoll hits you with a club. The gnoll barely misses you.
You scratch the gnoll but do no damage.
The gnoll is almost dead.
The gnoll barely misses you. x2; The gnoll misses you.
The leopard gecko closely misses you.
You scratch the gnoll but do no damage.
The gnoll is almost dead.
The gnoll hits you from afar with a halberd!
Ouch! That really hurt!
* * * LOW HITPOINT WARNING * * *
The gnoll hits you.
* * * LOW HITPOINT WARNING * * *
The gnoll hits you but does no damage. The gnoll hits you.
* * * LOW HITPOINT WARNING * * *
The leopard gecko bites you but does no damage.
It was a potion of might.
You feel very mighty all of a sudden. The gnoll closely misses you.
The gnoll barely misses you. The gnoll hits you with a club.
You die...

#.#.####.....# #.# #.#.####..÷..#
#.#
******#####.#..........#######.#
*,,,,,,..##.######.#...........#
,*,,,,*#.##........#.#.#########*
*,,**g##.########..#.#.# *,,
*,,**..................# *,*
*,,**###$#..#.#g#.#...## *,*
...#####.#....gg@.#...# **,*
*#.......#..#.#g#l....# *,,*
####...#.............# *,**
***#........#.#.#.#...# *,,,
,.....#...........#...#*******,,*
...l.###................,,,,**,,,
.g...,#.................,,,,,,,,*
....,,..........>.......,,,,**,,*
....,.....##.#..###...********,,,


You could see 4 gnolls and a leopard gecko.

Vanquished Creatures
  2 adders (D:3)
  An ooze (D:1)
  2 worms (D:2)
  2 dart slugs
  3 leopard geckos
  A ball python (D:2)
  7 bats
  A giant cockroach (D:2)
  6 goblins
  5 hobgoblins
  4 jackals
  A quokka (D:2)
  2 frilled lizards
  4 kobolds
  3 rats
44 creatures vanquished.

Notes
Turn   | Place    | Note
-------+----------+-------------------------------------------
     0 | D:1      | GrittyGramps the Ghoul Monk began the quest for the Orb.
     0 | D:1      | Reached XP level 1. HP: 19/19 MP: 0/0
   321 | D:1      | Reached XP level 2. HP: 16/25 MP: 1/1
  1139 | D:2      | Reached XP level 3. HP: 27/27 MP: 2/2
  1291 | D:2      | Reached skill level 4 in Unarmed Combat
  1883 | D:3      | Reached XP level 4. HP: 20/34 MP: 3/3
  1914 | D:3      | Reached skill level 1 in Armour
  2148 | D:3      | Slain by a gnoll

Vault maps used:
D:1:      lightli_arrival_statuegarden, kennysheep_minor_cross
D:3:      serial_glass, glass_columns_a, glass_columns_b, first_bread,
          uniq_grinder, uniq_natasha

Skill      XL: |  1  2  3  4 |
---------------+-------------+-----
Unarmed Combat | 4 |  4.4
Armour         | 1 |  1.0
Dodging        | 3 |  3.0
Fighting       | |  3.8
Stealth        | |  2.2
Shields        | |  0.6

Action                   |  1- 3 |  4- 6 || total
-------------------------+-------+-------++-------
Melee: Unarmed           |   132 |    28 ||   160
  Use: Scroll            |       |     7 ||     7
       Potion            |       |     1 ||     1
 Stab: Sleeping          |     1 |       ||     1
  Eat: Meat ration       |     2 |       ||     2
       Beef jerky        |     1 |       ||     1
Armor: Ring mail         |    34 |    17 ||    51
Dodge: Dodged            |    60 |    20 ||    80
Block: Buckler           |    13 |     9 ||    22
